 Dungeon Crawl Stone Soup version 0.30.1-11-g7821555f0a (webtiles) character file.

Game seed: 5871133760071981402

30 ChrisAssaf the Digger (level 3, -1/27 HPs)
             Began as a Draconian Earth Elementalist on Jan 6, 2024.
             Killed from afar by Crazy Yiuf (6 damage)
             ... with a puff of flame
             ... on level 2 of the Dungeon.
             The game lasted 00:03:34 (598 turns).

ChrisAssaf the Digger (Draconian Earth Elementalist) Turns: 598, Time: 00:03:35

Health: -1/27      AC:  5    Str: 10    XL:     3   Next: 5%
Magic:  0/6        EV: 12    Int: 17    God:
Gold:   26         SH:  0    Dex: 11    Spells: 0/6 levels left

rFire   . . .        g - +0 dagger
rCold   . . .        (no shield)
rNeg    . . .        (body armour unavailable)
rPois   .            (helmet restricted)
rElec   .            (no cloak)
rCorr   .            (no gloves)
SInv    .            (no boots)
Will    .....        (no amulet)
Stlth   ++           (no ring)
HPRegen 0.24/turn    (no ring)
MPRegen 0.10/turn

%: no passive effects
@: mighty, very slightly contaminated
A: AC +5, unfitting armour, cold-blooded
a: no special abilities


You were on level 2 of the Dungeon.
You visited 1 branch of the dungeon, and saw 2 of its levels.

You collected 26 gold pieces.

Inventory:

Hand Weapons
 g - a +0 dagger (weapon)
Missiles
 f - 2 javelins (quivered)
Jewellery
 c - a +4 ring of protection
Potions
 a - 2 potions of magic
 b - a potion of might
 d - a potion of cancellation {unknown}
 e - a potion of experience {unknown}


   Skills:
 * Level 0.6 Fighting
 * Level 0.1 Short Blades
 * Level 0.2 Throwing
 * Level 1.9 Dodging
 * Level 1.9 Stealth
 * Level 2.3 Spellcasting
 * Level 1.4 Transmutations
 * Level 3.4 Earth Magic


You couldn't memorise any spells.
You knew the following spells:

 Your Spells              Type           Power      Damage    Failure   Level
a - Sandblast             Erth           26%        2d8       4%          1
b - Passwall              Tmut/Erth      8%         N/A       11%         2
c - Stone Arrow           Conj/Erth      14%        3d7       28%         3

Your spell library contained the following spells:

 Spells                   Type           Power      Damage    Failure   Level
 Petrify                  Tmut/Erth      10%        N/A       56%         4


Dungeon Overview and Level Annotations

Branches:
Dungeon (2/15)

Altars:

Shops:
D:2 ?

Annotations:
D:2 Crazy Yiuf


Innate Abilities, Weirdness & Mutations

Your plain brown scales are hard. (AC +5)
You cannot fit into any form of body armour.
You are cold-blooded and may be slowed by cold attacks.


Message History

Casting: Sandblast (safe; 4% risk of failure)
Confirm with . or Enter, or press ? or * to list all spells.
Aiming: Sandblast (safe; 4% risk of failure)
Press: ? - help, Shift-Dir - straight line, f/p - hobgoblin
Aim: a hobgoblin (heavily wounded, 82% to hit)
The blast of sand hits the hobgoblin!
You kill the hobgoblin!
You see here a hobgoblin corpse.
f - a javelin You see here a giant cockroach corpse.
f - 2 javelins (gained 1) Crazy Yiuf shouts!
Crazy Yiuf screams, "Defame Orb Guardian meccalolo!"
You open the door.
Casting: Sandblast (safe; 4% risk of failure)
Confirm with . or Enter, or press ? or * to list all spells.
The spell is extremely dangerous to miscast (28% risk of failure)!
Continue anyway?
Aiming: Stone Arrow (extremely dangerous; 28% risk of failure)
Press: ? - help, Shift-Dir - straight line, f - Crazy Yiuf
Aim: Crazy Yiuf, wielding a +4 quarterstaff of chaos, wearing a +1 cloak and carrying a wand of flame (26) (69% to hit)
The stone arrow misses Crazy Yiuf.
Crazy Yiuf zaps a wand.
The puff of flame hits you.
Unknown command.
Casting: Stone Arrow (extremely dangerous; 28% risk of failure)
Confirm with . or Enter, or press ? or * to list all spells.
The spell is extremely dangerous to miscast (28% risk of failure)!
Continue anyway?
Aiming: Stone Arrow (extremely dangerous; 28% risk of failure)
Press: ? - help, Shift-Dir - straight line, f/p - Crazy Yiuf
Aim: Crazy Yiuf, wielding a +4 quarterstaff of chaos, wearing a +1 cloak and carrying a wand of flame (25) (69% to hit)
You miscast Stone Arrow.
You are very lightly contaminated with residual magic.
Strange energies run through your body!
Crazy Yiuf laughs, "Prologue!
Prologue return to song sallow."
Crazy Yiuf zaps a wand.
The puff of flame hits you.
* * * LOW HITPOINT WARNING * * *
It was a potion of might.
You feel very mighty all of a sudden.
Crazy Yiuf yells, "Nubble!
Papa hog hog."
Crazy Yiuf zaps a wand.
The puff of flame hits you.
You die...

.#
#....#####.###....>
.# #....#
#.....#### .#
♣....♣ ###...#...
.# ♣♣...♣
####...#.## .#
♣♣.♣♣ #....#.#.#.
.#### ♣♣.♣
#........#.
....######## ♣.♣♣
#........#.
...........# ♣♣.♣
##..........
.....####### ♣@♣♣
#.....PPP.#. .##..#
#g# #...P♣.PP...
P.#..#.##### ...
#......♣.PPP
P.#..#.#...# #...#
##...♣♣♣♣♣♣P
♣.#..#.#...# #)..#
#..P♣♣ ♣.
P....#.#.#.# #####
#...P♣ ♣P
P.#.##.#.#.#
#..♣P♣♣♣♣..
P...##.#.#.#######
#...♣.♣....
..####.#.#.#.#.#.
#..P..P♣P.#


You could see Crazy Yiuf.

Vanquished Creatures
  An adder (D:2)
  3 endoplasms
  A giant cockroach (D:2)
  A goblin (D:2)
  6 hobgoblins
  A quokka (D:1)
  2 ball pythons (D:2)
  A bat (D:2)
  A frilled lizard (D:1)
  A rat (D:2)
18 creatures vanquished.

Notes
Turn   | Place    | Note
-------+----------+-------------------------------------------
     0 | D:1      | ChrisAssaf the Draconian Earth Elementalist began the quest
                  | for the Orb.
     0 | D:1      | Reached XP level 1. HP: 14/14 MP: 3/3
   123 | D:1      | Reached XP level 2. HP: 20/20 MP: 0/5
   126 | D:1      | Learned a level 2 spell: Passwall
   349 | D:2      | Found Qankuagu's Magic Scroll Emporium.
   447 | D:2      | Found a runed translucent door.
   490 | D:2      | Reached XP level 3. HP: 27/27 MP: 2/6
   494 | D:2      | Learned a level 3 spell: Stone Arrow
   592 | D:2      | Noticed Crazy Yiuf
   598 | D:2      | Killed from afar by Crazy Yiuf

Illustrated notes

Levels and vault maps discovered:
D:1:      scummos_arrival_simple_fountains, layout_rooms
D:2:      layout_basic, serial_shops, nicolae_shop_rolled_up,
          dreamdust_ecumenical_altar_statues, serial_forest,
          infiniplex_forest_lined_3_way, infiniplex_forest_fountain,
          infiniplex_forest_clump_large, infiniplex_forest_straight_3,
          infiniplex_forest_lined_2, infiniplex_forest_lined_3_way,
          infiniplex_forest_clump_curved, minmay_misc_feat_doors,
          uniq_crazy_yiuf_cottage

Action                     || total
---------------------------++-------
  Melee: Dagger            ||     1
  Throw: Javelin           ||    15
   Cast: Sandblast         ||    19
         Stone Arrow       ||     1
    Use: Scroll            ||     3
         Potion            ||     1
   Stab: Sleeping          ||     1
  Dodge: Dodged            ||     6
